Map: Arctic Gates

Players

SamuraiFunn

  • Race: Zerg Zerg
  • Spawn Location: 9:00

TotalHappy

  • Race: Zerg Zerg
  • Spawn Location: 0:00

A.I. 2 (Medium)

  • Race: Zerg Zerg
  • Spawn Location: 0:00

A.I. 3 (Medium)

  • Race: Zerg Zerg
  • Spawn Location: 3:00

VOD

Have the link to the VOD?

Description

Time

  • Played on: Oct. 29, 2017, 9:19 p.m.
  • Length: 11:51
Show
View Real Time Build Order
Export as new Build Order

SamuraiFunn Zerg 

Build Orders: Pool First 

Get SALT Encoding   

  12  0:01  Drone  
  13  0:11  Drone  
  14  0:28  Overlord  
  14  0:44  Spawning Pool  
  14  0:46  Drone  
  14  0:57  Drone  
  14  0:59  Drone  
  16  1:04  Extractor  
  16  1:08  Drone  
  16  1:12  Drone  
  17  1:47  Drone  
  17  1:50  Zergling x2  
  17  1:51  Zergling x2  
  20  2:08  Hatchery  
  19  2:12  Zergling x2  
  19  2:13  Zergling x2  
  21  2:28  Zergling x2  
  22  3:37  Zergling x2  
  22  3:38  Drone  
  22  3:39  Drone x2  
  26  3:41  Drone  
  27  3:50  Extractor  
  26  3:58  Metabolic Boost  
  26  4:16  Lair  
  26  4:19  Zergling x2  
  26  4:20  Zergling x2  
  28  4:25  Overlord  
  28  4:26  Overlord  
  28  4:44  Zergling x4  
  28  4:45  Zergling x4  
  32  4:54  Zergling x4  
  34  5:03  Drone  
  35  5:11  Drone  
  36  5:18  Drone x3  
  31  6:14  Zergling x8  
  31  6:15  Zergling x2  
  31  6:48  Zergling x2  
  31  6:49  Zergling x10  
  37  7:25  Unknown  
  33  7:30  Unknown  
  31  7:47  Zergling x12  
  37  8:04  Unknown  
  37  8:05  Unknown  
  25  9:31  Zergling x10  
  30  9:41  Hydralisk Den  
  24  10:22  Hydralisk x6  
  36  10:28  Hatchery  
  27  11:05  Hydralisk  
  27  11:11  Overlord  
Show
View Real Time Build Order
Export as new Build Order

TotalHappy Zerg 

Build Orders: Pool First 

Get SALT Encoding   

  12  0:06  Extractor  
  11  0:09  Extractor  
  11  0:13  Drone  
  11  0:17  Drone  
  11  0:20  Drone  
  13  0:37  Drone  
  14  1:31  Overlord  
  14  1:33  Overlord  
  14  1:57  Spawning Pool  
  13  2:02  Drone x3  
  16  2:21  Drone  
  17  2:47  Evolution Chamber  
  17  2:48  Drone x2  
  17  2:49  Zergling x2  
  19  3:07  Zergling x2  
  20  3:14  Zerg Melee Weapons Level 1  
  20  3:16  Metabolic Boost  
  20  3:19  Drone  
  21  3:29  Hatchery  
  20  3:42  Drone  
  21  3:54  Lair  
  21  4:21  Roach Warren  
  20  4:53  Drone x2  
  22  5:01  Zergling x2  
  22  5:02  Zergling x4  
  22  5:07  Queen  
  27  5:21  Drone x2  
  29  5:30  Drone  
  30  5:36  Roach  
  32  6:02  Spine Crawler  
  31  6:09  Spine Crawler  
  29  6:14  Zergling x2, Drone  
  29  6:15  Zergling x2  
  31  6:27  Spine Crawler  
  31  6:31  Spine Crawler  
  29  6:37  Spine Crawler  
  28  6:49  Unknown  
  28  7:15  Zergling x2  
  28  7:16  Zergling x4  
  31  7:56  Drone x3  
  34  8:47  Drone  
  35  8:49  Drone  
  36  9:21  Pneumatized Carapace  
  36  9:36  Overlord x2  
  36  9:37  Overlord  
  28  10:28  Zergling x2  
  28  10:29  Zergling x4  
  30  10:54  Unknown x2  
  27  11:22  Drone  
  27  11:23  Zergling x4  
  30  11:36  Spine Crawler  
  29  11:41  Spine Crawler  
  29  11:46  Spine Crawler  
  27  11:49  Unknown  
Show
View Real Time Build Order
Export as new Build Order

A.I. 2 (Medium) Zerg 

Build Orders: Pool First 

Get SALT Encoding   

  12  0:01  Drone  
  13  0:12  Overlord  
  13  0:18  Drone  
  14  0:30  Drone  
  14  0:33  Drone  
  16  0:45  Spawning Pool  
  16  0:46  Drone  
  16  0:50  Drone  
  16  0:53  Extractor  
  16  0:55  Drone  
  17  1:06  Overlord  
  17  1:31  Zergling x2  
  17  1:32  Queen  
  20  1:38  Drone  
  20  1:39  Roach Warren  
  20  1:40  Extractor  
  20  1:41  Zergling x2  
  20  1:49  Drone  
  21  2:00  Drone  
  22  2:10  Overlord  
  22  2:21  Roach  
  24  2:32  Roach  
  26  2:42  Roach  
  28  2:46  Overlord  
  28  2:49  Drone  
  29  2:52  Roach  
  32  2:58  Drone  
  32  3:09  Drone, Baneling Nest  
  32  3:11  Roach  
  32  3:12  Drone  
  35  3:16  Drone  
  36  3:21  Drone  
  37  3:32  Roach  
  37  3:33  Evolution Chamber  
  38  3:42  Drone  
  38  3:43  Overlord  
  38  3:45  Drone  
  40  5:09  Lair  
  40  5:10  Drone  
  40  5:11  Overlord  
  40  5:12  Spore Crawler  
  40  5:13  Drone  
  40  5:14  Spore Crawler  
  40  5:15  Drone  
  40  5:18  Drone  
  42  5:41  Spine Crawler  
  41  5:43  Drone  
  41  5:47  Zergling x2  
  41  5:55  Spine Crawler  
  30  5:59  Roach  
  30  6:06  Queen  
  30  6:07  Hatchery  
  30  6:08  Overseer  
  30  6:09  Overseer  
  30  6:11  Hydralisk Den, Roach  
  30  6:14  Spire  
  30  6:16  Infestation Pit  
  31  6:25  Ravager  
  31  6:26  Drone  
  31  6:29  Drone  
  34  6:32  Drone  
  34  6:35  Drone  
  34  6:36  Roach  
  37  6:47  Hydralisk  
  39  6:59  Hydralisk  
  39  7:00  Ravager  
  42  7:11  Hydralisk  
  44  7:20  Queen, Drone  
  44  7:22  Drone, Evolution Chamber  
  47  7:24  Hydralisk  
  47  7:25  Drone  
  47  7:28  Drone  
  51  7:32  Drone  
  51  7:36  Roach  
  51  7:38  Drone  
  51  7:44  Drone  
  49  7:46  Drone  
  49  7:49  Drone  
  50  7:52  Drone  
  50  7:55  Drone  
  48  8:02  Drone  
  46  8:07  Drone  
  47  8:14  Drone  
  47  8:19  Drone  
  48  8:24  Drone  
  47  8:29  Drone  
  46  8:34  Drone  
  46  8:40  Drone  
  46  8:45  Drone  
  46  8:50  Drone  
  46  8:55  Drone  
  48  8:58  Drone  
  49  9:03  Drone  
  49  9:06  Drone  
  50  9:10  Drone  
  50  9:14  Drone  
  52  9:17  Drone  
  52  9:22  Roach  
  55  9:28  Roach  
  57  9:32  Pneumatized Carapace  
  57  9:37  Overseer  
  57  9:41  Roach  
  59  9:47  Roach  
  59  9:49  Overlord  
  61  9:53  Roach  
  61  9:59  Roach  
  65  10:05  Roach  
  67  10:07  Drone  
  67  10:10  Infestor  
  67  10:11  Overlord  
  69  10:17  Zergling x2, Drone  
  69  10:20  Drone  
  72  10:23  Drone  
  72  10:26  Drone  
  74  10:29  Drone  
  74  10:31  Drone  
  74  10:33  Overlord  
  74  10:35  Drone  
  77  10:44  Drone  
  77  10:47  Drone  
  80  10:50  Drone  
  80  10:57  Roach  
  78  11:09  Hatchery  
  73  11:16  Hydralisk  
  73  11:22  Roach  
  72  11:37  Spore Crawler  
  75  11:40  Spore Crawler  
Show
View Real Time Build Order
Export as new Build Order

A.I. 3 (Medium) Zerg 

Build Orders: Pool First 

Get SALT Encoding   

  12  0:01  Drone  
  13  0:12  Overlord  
  13  0:17  Drone  
  14  0:30  Drone  
  14  0:33  Drone  
  16  0:43  Spawning Pool  
  16  0:46  Drone  
  16  0:50  Drone  
  16  0:52  Extractor  
  16  0:55  Drone  
  17  1:06  Overlord  
  17  1:31  Zergling x2  
  17  1:32  Queen  
  20  1:38  Drone  
  20  1:39  Roach Warren  
  20  1:40  Extractor  
  20  1:41  Zergling x2  
  20  1:49  Drone  
  21  2:00  Drone  
  22  2:10  Overlord  
  22  2:21  Roach  
  24  2:29  Baneling Nest  
  23  2:32  Drone  
  24  2:39  Drone, Roach  
  24  2:42  Drone  
  28  2:44  Drone  
  28  2:49  Ravager  
  30  2:55  Roach  
  32  3:05  Overlord  
  32  3:06  Ravager  
  32  3:10  Drone, Roach  
  36  3:13  Drone  
  36  3:17  Drone  
  38  3:23  Evolution Chamber  
  37  3:28  Drone  
  38  4:44  Zergling x2  
  38  5:01  Drone  
  38  5:02  Lair, Roach, Overlord  
  38  5:04  Drone, Spore Crawler  
  38  5:06  Spore Crawler  
  40  5:07  Drone  
  40  5:13  Roach  
  43  5:19  Hatchery  
  43  5:20  Drone  
  43  5:24  Overlord  
  43  5:25  Roach  
  45  5:32  Spine Crawler  
  45  5:33  Drone  
  45  5:42  Spine Crawler  
  43  5:43  Drone  
  44  5:59  Overseer x2, Queen  
  44  6:04  Drone, Infestation Pit  
  45  6:07  Hydralisk Den  
  45  6:10  Spire  
  44  6:12  Drone  
  44  6:16  Drone  
  43  6:32  Drone, Roach  
  41  6:34  Evolution Chamber  
  41  6:35  Drone  
  41  6:38  Drone  
  40  6:42  Drone  
  40  6:43  Infestor  
  40  6:46  Drone  
  44  6:49  Drone  
  44  6:52  Drone  
  46  6:55  Drone  
  46  6:56  Roach  
  46  6:58  Drone  
  46  7:00  Drone  
  51  7:03  Drone  
  51  7:06  Drone  
  53  7:11  Drone  
  53  7:13  Hydralisk  
  56  7:18  Spore Crawler  
  56  7:22  Drone, Spore Crawler  
  55  7:25  Drone, Infestor  
  55  7:29  Drone  
  50  7:32  Drone  
  50  7:36  Drone  
  52  7:37  Zergling x2  
  52  7:40  Drone  
  53  7:46  Drone  
  53  7:49  Drone  
  55  7:52  Drone  
  55  7:55  Drone  
  55  7:58  Drone  
  58  8:01  Drone  
  58  8:04  Drone  
  60  8:07  Drone, Overlord  
  60  8:10  Drone  
  63  8:12  Drone  
  63  8:15  Drone  
  64  8:20  Spine Crawler  
  64  8:22  Drone  
  64  8:26  Spine Crawler  
  63  8:28  Drone  
  63  8:31  Queen  
  66  8:56  Queen  
  66  9:00  Hydralisk  
  68  9:03  Overlord  
  68  9:06  Overseer  
  68  9:07  Pneumatized Carapace  
  68  9:14  Zergling x2  
  68  9:22  Overlord  
  64  9:31  Extractor  
  64  9:32  Hatchery  
  62  9:46  Extractor  
  62  9:51  Hive  
  62  9:52  Hydralisk  
  63  10:01  Overlord  
  63  10:05  Hydralisk  
  65  10:08  Drone  
  64  10:45  Queen, Drone  
  64  10:48  Drone  
  64  10:51  Drone  
  64  10:52  Extractor  
  64  10:54  Drone, Spore Crawler  
  64  10:56  Spore Crawler  
  64  10:57  Drone  
  64  10:58  Hydralisk, Extractor  
  64  11:00  Drone  
  64  11:01  Spore Crawler  
  64  11:02  Drone  
  60  11:06  Drone  
  60  11:08  Drone, Ultralisk Cavern  
  61  11:11  Drone  
  61  11:14  Drone  
  61  11:17  Drone  
  64  11:20  Drone  
  64  11:23  Drone  
  66  11:26  Drone  
  66  11:29  Drone  
  66  11:30  Spine Crawler  
  66  11:31  Drone  
  68  11:34  Drone  
  68  11:37  Drone  
  70  11:44  Spine Crawler  
Tags
 
Add a new tag
Caveats
  • Supply blocks, unpowered buildings, or Contaminate may cause inaccurate times.
  • Supply counts are checked every 10 seconds.